 Dungeon Crawl Stone Soup version bcrawl-1.12.2 (webtiles) character file.

Game seed: 11783532332898504847

30 Ebbett the Sneak (level 3, -1/24 HPs)
             Began as a Vampire Rogue on July 23, 2019.
             Slain by a worm (4 damage)
             ... on level 2 of the Dungeon.
             The game lasted 00:03:40 (1092 turns).

Ebbett the Sneak (Vampire Rogue)                    Turns: 1092, Time: 00:03:41

Health: -1/24      AC:  8    Str: 14    XL:     3   Next: 3%
Magic:  4/4        EV: 11    Int: 11    God:
Gold:   121        SH:  0    Dex: 12    Spells: 2/2 levels left

rFire    . . .     SeeInvis +   a - +2 dagger
rCold    + . .     Gourm    .   (no shield)
rNeg     + + +     Faith    .   c - +0 robe
rPois    ∞         Spirit   .   (no helmet)
rElec    .         Reflect  .   d - +0 cloak
rCorr    .         Harm     .   v - +2 pair of gloves
MR       .....                  u - +1 pair of boots
Stlth    +++++.....             (no amulet)
HPRegen  0.04/turn              m - -3 ring of dexterity (curse)
MPRegen  0.09/turn              w - ring of positive energy

@: regenerating slowly
A: claws 1, fangs 3, see invisible, unbreathing
a: no special abilities


You were on level 2 of the Dungeon.
You were thirsty.

You visited 1 branch of the dungeon, and saw 3 of its levels.

You collected 121 gold pieces.

Inventory:

Hand Weapons
 a - a +2 dagger (weapon)
 b - a +0 blowgun
Missiles
 e - 80 poisoned needles
 s - a throwing net (quivered) {!f}
Armour
 c - a +0 robe (worn)
 d - a +0 cloak (worn)
 u - a +1 pair of boots (worn)
 v - a +2 pair of gloves (worn)
Jewellery
 m - a cursed -3 ring of dexterity (left hand)
 w - a ring of positive energy (right hand)
Wands
 f - a wand of flame (15)
 g - a wand of enslavement (15)
Scrolls
 j - a scroll of noise
 o - a scroll of fog
Potions
 h - 7 potions of blood
 k - 2 potions of curing {unknown}
 l - a potion of cancellation {unknown}
 n - a potion of brilliance {unknown}
 p - 3 potions of agility {unknown}
 q - a potion of heal wounds {unknown}
 r - a potion of lignification {unknown}


   Skills:
 + Level 2.7 Short Blades
 + Level 1.8 Throwing
 + Level 0.1 Dodging
 + Level 7.4 Stealth
 + Level 2.1 Evocations


You had 2 spell levels left.
You didn't know any spells.
Your spell library was empty.

Dungeon Overview and Level Annotations

Branches:
Dungeon (3/12)

Altars:


Innate Abilities, Weirdness & Mutations

You heal slowly.
You are immune to poison.
You have sharp fingernails.
You have razor-sharp teeth.
You have supernaturally acute eyesight. (SInv)
You can survive without breathing.


Message History

The leopard gecko bites you but does no damage.
The worm bites you.
* * * LOW HITPOINT WARNING * * *
You barely miss the leopard gecko.
The leopard gecko is moderately wounded.
The leopard gecko barely misses you. The worm bites you but does no damage.
The worm bites you.
* * * LOW HITPOINT WARNING * * *
You closely miss the leopard gecko.
The leopard gecko is moderately wounded.
The leopard gecko bites you but does no damage.
The worm barely misses you.
You hit the leopard gecko.
The leopard gecko is heavily wounded.
The leopard gecko barely misses you. The worm closely misses you.
You miss the leopard gecko.
The leopard gecko is heavily wounded.
The leopard gecko bites you but does no damage.
The worm bites you.
You die...

#........# ##...........##
#........# ###.............## #
#........###...#............## #
#........#...###.............# #
#..........########..........# #
#.........#####..............####
#.........# #....#...........##..
##..>.#...###...l#...............
#......#.......@............###.
###...####.#..ww............###.
#.#..##..#.<...............##.
#.##..#.##.................##.
#.###...##.................)..
#.# ##..............^......##.
#.# ##................(...##. #.#
#..#................###. #.#
##..##.###............#..


You could see 2 worms and a leopard gecko.

Vanquished Creatures
  A leopard gecko (D:2)
  3 bats
  2 giant cockroaches
  4 goblins
  A hobgoblin (D:1)
  3 kobolds
  A ball python (D:2)
  9 frilled lizards
  6 rats
30 creatures vanquished.

Notes
Turn   | Place    | Note
-------+----------+-------------------------------------------
     0 | D:1      | Ebbett the Vampire Rogue began the quest for the Orb.
     0 | D:1      | Reached XP level 1. HP: 13/13 MP: 2/2
   263 | D:1      | Reached XP level 2. HP: 13/19 MP: 3/3
   557 | D:2      | Reached skill level 7 in Stealth
  1043 | D:3      | Reached XP level 3. HP: 24/24 MP: 4/4
  1092 | D:2      | Slain by a worm

Skill      XL: |  1  2 |
---------------+-------+-----
Stealth        | 7 |  7.4
Short Blades   | |  2.7
Throwing       | |  1.8
Dodging        | |  0.1
Evocations     | |  2.1

Action                   || total
-------------------------++-------
Melee: Dagger            ||    90
       Bite              ||     5
  Use: Scroll            ||     4
 Stab: Sleeping          ||     7
Armor: Robe              ||    18
Dodge: Dodged            ||    56
